 Dungeon Crawl Stone Soup version 0.31-a0-801-gc67433417a (webtiles) character file.

Game seed: 16624661561468443547

4108 Ivernyr the Cruncher (level 10, 0/117 (120) HPs)
             Began as a Formicid Fighter on Sept 20, 2023.
             Was an Initiate of Wu Jian.
             Succumbed to a killer bee's poison
             ... on level 8 of the Dungeon.
             The game lasted 00:16:00 (8608 turns).

Ivernyr the Cruncher (Formicid Fighter)             Turns: 8608, Time: 00:16:01

HP:   0/117 (120)   AC: 25    Str: 26    XL:     10   Next: 50%
MP:   2/10          EV:  2    Int:  7    God:    Wu Jian [......]
Gold: 447           SH:  6    Dex: 13    Spells: 9/9 levels left

rFire   . . .        a - +0 quarterstaff
rCold   . . .        c - +0 buckler
rNeg    + . .        b - melded +0 steam dragon scales
rPois   +            (helmet unavailable)
rElec   .            (cloak currently unavailable)
rCorr   .            (gloves currently unavailable)
SInv    .            (boots currently unavailable)
Will    +....        h - amulet of guardian spirit
Stlth   +            o - ring of positive energy
HPRegen 0.39/turn    q - ring of poison resistance
MPRegen 0.12/turn

%: guardian spirit
@: lethally poisoned (0 -> -8), tree-form, lightly drained
A: stationary, stasis, torment immunity, boosted hp, permanent stasis, dig
shafts and tunnels, (antennae 3), four strong arms
a: Renounce Religion


You were on level 8 of the Dungeon.
You worshipped Wu Jian.
Wu Jian was noncommittal.
You were a tree.
You visited 2 branches of the dungeon, and saw 10 of its levels.
You also visited: Sewer.

You collected 447 gold pieces.

Inventory:

Hand Weapons
 a - a +0 quarterstaff (weapon)
 s - a +0 club
Missiles
 B - a throwing net
Armour
 b - +0 steam dragon scales (melded)
 c - a +0 buckler (worn)
Jewellery
 h - an amulet of guardian spirit (around neck)
 o - a ring of positive energy (left branch)
 q - a ring of poison resistance (right branch)
Wands
 j - a wand of flame (92)
 x - a wand of mindburst (18)
 y - a wand of polymorph (23)
Scrolls
 e - 2 scrolls of immolation {unknown}
 f - 5 scrolls of identify {unknown}
 g - 4 scrolls of enchant weapon {unknown}
 i - 2 scrolls of vulnerability {unknown}
 l - 4 scrolls of fear {unknown}
 m - a scroll of fog {unknown}
 n - 3 scrolls of amnesia {unknown}
 r - 2 scrolls of noise {unknown}
 t - 4 scrolls of teleportation {unknown}
 u - 2 scrolls of blinking {unknown}
 w - a scroll of poison {unknown}
Potions
 d - a potion of might
 p - 3 potions of enlightenment
 v - 4 potions of degeneration
 z - a potion of ambrosia {unknown}
 C - 2 potions of cancellation {unknown}
 D - a potion of brilliance


   Skills:
 + Level 7.9 Fighting
 * Level 9.5 Staves
 + Level 7.8 Armour
 + Level 9.5 Shields


You had 9 spell levels left.
You didn't know any spells.
Your spell library contained the following spells:

 Spells                   Type           Power      Damage    Failure   Level
 Apportation              Tloc           0%         N/A       45%         1
 Necrotise                Necr           0%         1d4       45%         1
 Summon Small Mammal      Summ           0%         N/A       45%         1


Dungeon Overview and Level Annotations

Branches:
Dungeon (9/15)             Temple (1/1) D:7           Sewer (visited)
   Lair: D:8-11         Orc: D:9-12

Altars:
Ashenzari
Cheibriados
Dithmenos
Elyvilon
Fedhas
Gozag
Hepliaklqana
Kikubaaqudgha
Nemelex Xobeh
Okawaru
Qazlal
Ru
Sif Muna
Trog
Uskayaw
Vehumet
Wu Jian
Xom
Yredelemnul
The Shining One

Shops:
D:3 *

Annotations:
D:9 Grum


Innate Abilities, Weirdness & Mutations

You are a tree.
Your roots penetrate the ground, keeping you stationary.
You cannot be teleported.
You are immune to unholy pain and torment.
Your maximum health is greatly increased.
Your equipment is partially melded.
You cannot be hasted, slowed, berserked, paralysed or teleported.
You can dig through walls and to a lower floor.
((You have a pair of large antennae on your head. (SInv)))
Your four strong arms can wield two-handed weapons with a shield.


Message History

The killer bee poisons you! The killer bee barely misses you.
You block the killer bee's attack.
You hit the killer bee.
You kill the killer bee!
The Council accepts your kill.
You feel sick. The killer bee barely misses you. The killer bee stings you.
* * * LOW HITPOINT WARNING * * *
You closely miss the killer bee.
You feel sick. The killer bee stings you.
* * * LOW HITPOINT WARNING * * *
You are more poisoned.
The killer bee poisons you!
You closely miss the killer bee.
You feel very sick. The killer bee stings you.
* * * LOW HITPOINT WARNING * * *
You block the killer bee's attack.
You closely miss the killer bee.
You feel sick. The killer bee stings you.
* * * LOW HITPOINT WARNING * * *
You are lethally poisoned!
The killer bee poisons you! You block the killer bee's attack.
You sock the killer bee!
The killer bee is severely wounded.
* * * LOW HITPOINT WARNING * * *
You feel very sick.
The killer bee stings you but does no damage.
You block the killer bee's attack.
You miss the killer bee.
The killer bee is severely wounded.
* * * LOW HITPOINT WARNING * * *
You feel very sick. The killer bee closely misses you.
You block the killer bee's attack.
It was a potion of lignification.
You turn into a tree.
Your +0 steam dragon scales melds into your body.
Your roots penetrate the ground.
* * * LOW HITPOINT WARNING * * *
You feel very sick. You block the killer bee's attack. x2
You miss the killer bee.
The killer bee is severely wounded.
You die...

....####.#.....# #.# #.#
.........#.###.######.# #.#
###.#..............##.#### #.#
.##.#)####.###.###.##....###.#
.##.#)# #.....# #.##..#..##.#
..#.#.# ####### #....###....#
#...#.# #.<#..#..####
..###.############..##...##
.....#..........♣y..###.##
#####.##...........###...#
##.##.#########.....#.#
#..##.# ##.###...# #.###.#
#####...###.## ####.###.#
#...........# ......##.#
#.###...###.# ####..##.# #.#
##.## #.# #..##.####.# #.# #.#


You could see a killer bee.

Vanquished Creatures
  A hornet (D:7)
  Sigmund (D:4)
  A wyvern (D:5)
  3 yaks (D:8)
  Menkaure (D:4)
  3 steam dragons
  Duvessa (D:7)
  2 ice beasts
  An orc warrior (D:8)
  2 black bears
  2 ogres
  2 centaurs
  2 phantoms
  4 kobold brigands
  2 bullfrogs (D:7)
  9 wights (D:8)
  5 killer bees (D:8)
  Dowan (D:7)
  2 howler monkeys
  3 orc priests
  2 hounds
  A jelly (D:6)
  Ijyb (D:4)
  An orc wizard (D:3)
  8 adders
  A river rat (Sewer)
  A shadow imp (D:7)
  An ufetubus (D:5)
  A dart slug (D:4)
  2 worms
  17 orcs
  5 endoplasms
  8 giant cockroaches
  8 goblins
  8 hobgoblins
  2 jackals (D:4)
  4 quokkas
  7 ball pythons
  13 bats
  4 frilled lizards
  13 kobolds
  10 rats
166 creatures vanquished.

Notes
Turn   | Place    | Note
-------+----------+-------------------------------------------
     0 | D:1      | Ivernyr the Formicid Fighter began the quest for the Orb.
     0 | D:1      | Reached XP level 1. HP: 18/18 MP: 1/1
    92 | D:1      | Reached XP level 2. HP: 14/24 MP: 2/2
   411 | D:1      | Reached XP level 3. HP: 29/29 MP: 3/3
  1048 | D:2      | Reached XP level 4. HP: 37/37 MP: 4/4
  1780 | D:3      | Found a white marble altar of Elyvilon.
  1911 | D:3      | Reached XP level 5. HP: 31/42 MP: 3/5
  2028 | D:3      | Noticed a black bear
  2036 | D:3      | Noticed an ogre
  2068 | D:3      | Killed a black bear
  2069 | D:3      | Reached skill level 5 in Shields
  2069 | D:3      | Reached XP level 6. HP: 33/48 MP: 1/6
  2074 | D:3      | Killed an ogre
  2195 | D:3      | Found Ythryful's General Store.
  2710 | D:4      | Noticed an ogre
  2719 | D:4      | Killed an ogre
  2720 | D:4      | Reached XP level 7. HP: 22/55 MP: 2/7
  2854 | D:4      | Noticed Sigmund
  2865 | D:4      | Killed Sigmund
  2866 | D:4      | Reached skill level 5 in Fighting
  2866 | D:4      | Reached skill level 5 in Staves
  2866 | D:4      | Reached skill level 5 in Armour
  3204 | D:4      | Noticed Menkaure
  3212 | D:4      | Reached XP level 8. HP: 38/62 MP: 4/8
  3220 | D:4      | Killed Menkaure
  3347 | D:4      | Noticed Ijyb
  3364 | D:4      | Killed Ijyb
  4003 | D:5      | Entered Level 5 of the Dungeon
  4315 | D:5      | Noticed a wyvern
  4325 | D:5      | Killed a wyvern
  4565 | D:5      | Found a glowing drain.
  4574 | Sewer    | Entered a sewer
  4707 | Sewer    | HP: 3/64 [kobold/+1 dagger of venom (2)]
  4873 | Sewer    | Found a glowing silver altar of Zin.
  4951 | D:5      | Reached XP level 9. HP: 55/69 MP: 6/9
  5206 | D:6      | Found a shadowy altar of Dithmenos.
  5531 | D:6      | Identified the +6 scale mail of the Fabulous Wereyak
                  | {Rampage rPois Str-3}
  5626 | D:6      | Found a basalt altar of Yredelemnul.
  5633 | D:6      | Found a glowing golden altar of the Shining One.
  5635 | D:6      | Noticed an angel
  5932 | D:7      | Noticed Duvessa
  5932 | D:7      | Noticed Dowan
  5945 | D:7      | Killed Duvessa
  5965 | D:7      | Killed Dowan
  6216 | D:7      | Found a staircase to the Ecumenical Temple.
  6250 | Temple   | Entered the Ecumenical Temple
  6264 | Temple   | Became a worshipper of the Wu Jian Council
  6289 | D:7      | Noticed a hornet
  6310 | D:7      | Killed a hornet
  6887 | D:8      | Reached XP level 10. HP: 58/79 MP: 6/10
  7900 | D:8      | Found a snail-covered altar of Cheibriados.
  8199 | D:8      | Reached * piety under Wu Jian
  8526 | D:9      | Noticed Grum
  8526 | D:9      | Found a stormy altar of Qazlal.
  8606 | D:8      | HP: 3/78 [poisoned by a killer bee]
  8608 | D:8      | Succumbed to a killer bee's poison

Illustrated notes

Levels and vault maps discovered:
D:1:      doesnt_arrival_eight_statues, layout_loops_ring, item_on_display_a
D:2:      layout_loops_corners, minivault_5
D:3:      layout_basic, amcnicky_altar_gilded, serial_shops,
          nicolae_shop_gibbet_a_chance, serial_park_tiny_1
D:4:      layout_cave_pools, sigmund_army, uniq_sigmund, uniq_ijyb,
          uniq_menkaure
D:5:      layout_loops_ring, portal_sewer_entry_d, lightli_corner_chamber
D:6:      layout_basic, grunt_temple_overflow_holy_war,
          nicolae_dithmenos_shadow_blocks
D:7:      layout_rooms, minmay_temple_entry_mist, uniq_duvessa
D:8:      layout_loops_ring, cheibriados_altar_1, blue_anna_alchemist
D:9:      layout_rooms, zin_treasury, mainiacjoe_overflow_tiny_flanked,
          lightli_temple_of_fire, zombieorc2_lemuel, uniq_maggie, uniq_maurice,
          uniq_grum
Temple:   dpeg_chambers_temple

Skill      XL: |  1  2  3  4  5  6  7  8  9 10 |
---------------+-------------------------------+-----
Staves         | 3 4 5 6 8 9 |  9.5
Fighting       | 4 5 6 7 |  7.9
Armour         | 4 5 6 7 |  7.8
Shields        | 5 6 7 8 9 |  9.5

Action                     |  1- 3 |  4- 6 |  7- 9 | 10-12 || total
---------------------------+-------+-------+-------+-------++-------
  Melee: Quarterstaff      |    98 |   115 |   313 |   142 ||   668
Ability: Lunge             |       |       |     4 |     9 ||    13
    Use: Potion            |       |     2 |     6 |     2 ||    10
 Armour: Scale mail        |    70 |    80 |   206 |       ||   356
         Steam dragon scal |       |       |    41 |    98 ||   139
  Dodge: Dodged            |    39 |    66 |   149 |    55 ||   309
  Block: Buckler           |    20 |    24 |    82 |    43 ||   169

Table legend: (Time is in decaauts)
 A = Elapsed time spent in this place.
 B = Non-inter-level travel time spent in this place.
 C = Inter-level travel time spent in this place.
 D = Time resting spent in this place.
 E = Time spent auto-exploring this place.
 F = Levels seen in this place.
 G = Mean time per level.
                   A        B        C        D        E       F      G
               +--------+--------+--------+--------+--------+-----+--------+
         Total |   8654 |   8478 |    176 |    996 |   5861 |  11 |  786.7 |
       Dungeon |   8262 |   8086 |    176 |    954 |   5627 |   9 |  918.0 |
        Temple |     27 |     27 |      0 |      0 |      0 |   1 |   27.0 |
         Sewer |    364 |    364 |      0 |     42 |    234 |   1 |  364.0 |
               +--------+--------+--------+--------+--------+-----+--------+

Top non-repeatable levels by time:
     D:8: 1599 daAuts
     D:4: 1161 daAuts
     D:7: 1110 daAuts
     D:3: 1077 daAuts
     D:2: 985 daAuts
     D:1: 818 daAuts
     D:6: 753 daAuts
     D:5: 740 daAuts
   Sewer: 364 daAuts
  Temple: 27 daAuts
     D:9: 15 daAuts
